 Dungeon Crawl Stone Soup version 0.28-a0-503-g83f2989fac (webtiles) character file.

Game seed: 3042032064785195312

266 lunkers the Skirmisher (level 6, -9/48 HPs)
             Began as a Djinni Cinder Acolyte on Sept 20, 2021.
             Was a High Priest of Ignis.
             Killed from afar by an orc wizard (10 damage)
             ... with a magic dart
             ... on level 4 of the Dungeon.
             The game lasted 00:06:09 (4134 turns).

lunkers the Skirmisher (Djinni Cinder Acolyte)      Turns: 4134, Time: 00:06:10

Health: -9/48      AC:  2    Str: 13    XL:     6   Next: 44%
Gold:   139        EV: 11    Int: 18    God:    Ignis [*****.] SH:  0 Dex:  8

rFire   + + +      SeeInvis .   h - +2 dagger (flame)
rCold   . . .      Faith    .   (no shield)
rNeg    . . .      Spirit   .   a - +0 robe
rPois   ∞          Reflect  .   (no helmet)
rElec   .          Harm     .   (no cloak)
rCorr   .          Rampage  .   (no gloves)
Will    .....                   (boots unavailable)
Stlth   +.........              (no amulet)
HPRegen 0.16/turn               e - ring of protection from cold
MPRegen 0.00/turn               (no ring)

@: flying
A: sickness immunity, fire resistance 2, cold vulnerability 1, float, innate
caster, hp casting, extra vitality 1
a: Renounce Religion, Sea of Fire, Foxfire Swarm, Rising Flame


You were on level 4 of the Dungeon.
You worshipped Ignis.
Ignis was extremely pleased with you.
You visited 1 branch of the dungeon, and saw 4 of its levels.

You collected 139 gold pieces.

Inventory:

Hand Weapons
 h - a +2 dagger of flaming (weapon)
Missiles
 m - a throwing net
Armour
 a - a +0 robe (worn)
Jewellery
 e - a ring of protection from cold (left hand)
Scrolls
 b - a scroll of fear {unknown}
 d - 9 scrolls of identify {unknown}
 k - a scroll of teleportation {unknown}
 l - a scroll of noise {unknown}
Potions
 c - 2 potions of curing {unknown}
 f - a potion of brilliance {unknown}
 g - 2 potions of lignification {unknown}
 i - a potion of haste {unknown}
 j - a potion of degeneration {unknown}


   Skills:
 + Level 4.5 Fighting
 - Level 3.0 Unarmed Combat
 * Level 4.5 Spellcasting


You had 9 spell levels left.
You knew the following spells:

 Your Spells              Type           Power      Damage    Failure   Level
a - Scorch                Fire           40%        2d7       3%          2
b - Beastly Appendage     Tmut           40%        N/A       2%          1
c - Searing Ray           Conj           40%        2d5       3%          2
Your spell library was empty.

Dungeon Overview and Level Annotations

Branches:
Dungeon (4/15)
 Temple: D:4-7

Altars:
Trog
Vehumet
Zin

Annotations:
D:4 1 runed translucent door, frimble's ghost, amateur OpWr


Innate Abilities, Weirdness & Mutations

You are immune to sickness and miasma.
You are immune to poison.
Your flesh is very heat resistant. (rF++)
You are vulnerable to cold. (rC-)
You float through the air rather than walking.
You learn spells naturally, not from books.
Your magical power is your life essence.
You have superior vitality. (+4 HP)


Message History

You kill the orc!
* * * LOW HITPOINT WARNING * * *
The orc misses you.
Unknown command.
Okay, then.
The orc wizard is no longer more vulnerable to fire.
The orc barely misses you.
The orc wizard mumbles some strange words.
The orc wizard flickers and vanishes!
Deactivating autopickup; reactivate with Ctrl-A.
Things that are here:
a +0 flail of protection; an orc corpse
Things that are here:
a +0 dagger; an orc corpse
Casting: Scorch (safe; 3% risk of failure)
Press: ? - help, Q - select action, (/) - cycle Dir - look around, f - activate Flames lash something.
* * * LOW HITPOINT WARNING * * *
The orc hits you with a +0 hand axe.
* * * LOW HITPOINT WARNING * * *
Casting: Scorch (safe; 3% risk of failure)
Press: ? - help, Q - select action, (/) - cycle Dir - look around, f - activate Flames lash the orc.
You kill the orc!
* * * LOW HITPOINT WARNING * * *
Casting: Scorch (safe; 3% risk of failure)
Press: ? - help, Q - select action, (/) - cycle Dir - look around, f - activate Flames lash something.
* * * LOW HITPOINT WARNING * * *
You hear some strange, mumbled words.
A puff of flame appears from out of thin air!
The puff of flame misses you.
You aren't carrying any items that you can evoke.
Unknown command.
You closely miss something. Something hits you but does no damage.
You miss something.
You hear some strange, mumbled words.
A magic dart appears from out of thin air!
The magic dart hits you!
You die...

....##.##))).._.#.#.# (# #...#.
........#.###...###.#.##.# #.#.#.
......'...#.......#....# #.....
........#.###########..#.###.#...
........#.###.##.................
........#....)...................
........#####.##.....#....#####.#
.... #.##{....#....# #.. ....
#.##@#...#.#.#######.
..##.##..............
#.##.##..<.####.####.
#.##.##.......#......
...#.)........#......
####.......#.)....
..................
.....#.....#.†....
##...#.....#..####


There were no monsters in sight!

Vanquished Creatures
  A black bear (D:4)
  A centaur zombie (D:4)
  A jelly (D:3)
  3 adders
  4 dart slugs
  9 orcs
  6 ball pythons
  5 bats
  2 endoplasms
  A giant cockroach (D:1)
  7 goblins
  7 hobgoblins
  4 jackals (D:4)
  5 kobolds
  2 quokkas
  3 frilled lizards
  4 rats
65 creatures vanquished.

Vanquished Creatures (others)
  A wizard (D:4)
1 creature vanquished.

Grand Total: 66 creatures vanquished

Notes
Turn   | Place    | Note
-------+----------+-------------------------------------------
     0 | D:1      | lunkers the Djinni Cinder Acolyte began the quest for the
                  | Orb.
     0 | D:1      | Reached XP level 1. HP: 20/20 MP: 0/0
   431 | D:1      | Reached XP level 2. HP: 13/25 MP: 0/0
  1505 | D:2      | Reached XP level 3. HP: 22/30 MP: 0/0
  1505 | D:2      | Learned a level 1 spell: Beastly Appendage
  1921 | D:2      | Found a glowing silver altar of Zin.
  2143 | D:2      | Reached XP level 4. HP: 27/36 MP: 0/0
  2240 | D:2      | Found a faded altar of an unknown god.
  2881 | D:3      | Reached XP level 5. HP: 36/41 MP: 0/0
  2881 | D:3      | Learned a level 2 spell: Searing Ray
  3825 | D:4      | Noticed frimble's ghost (amateur OpWr)
  3826 | D:4      | Found a runed translucent door.
  3854 | D:4      | Noticed a black bear
  3857 | D:4      | Killed a black bear
  3858 | D:4      | Reached XP level 6. HP: 40/47 MP: 0/0
  4064 | D:4      | Found a bloodstained altar of Trog.
  4084 | D:4      | Noticed a wizard
  4086 | D:4      | Killed a wizard
  4134 | D:4      | Killed from afar by an orc wizard

Illustrated notes

Levels and vault maps discovered:
D:1:      dpeg_arrival_connections, layout_loops_ring
D:2:      layout_basic, basic_altar, ebering_ecumenical_altar_hall
D:3:      layout_basic
D:4:      layout_basic, trog_wizard, nicolae_overflow_crystal_walls,
          hellmonk_ghost_happy_afterlife, hangedman_decor_peaks_small

Skill      XL: |  1  2  3  4  5 |
---------------+----------------+-----
Spellcasting   | 3 4 |  4.5
Fighting       | 4 |  4.5
Unarmed Combat | |  3.0

Action                   |  1- 3 |  4- 6 || total
-------------------------+-------+-------++-------
Melee: Unarmed           |    33 |       ||    33
       Dagger            |       |     2 ||     2
 Cast: Scorch            |    38 |    66 ||   104
Armor: Robe              |    13 |     8 ||    21
Dodge: Dodged            |    32 |    16 ||    48

Table legend: (Time is in decaauts)
 A = Elapsed time spent in this place.
 B = Non-inter-level travel time spent in this place.
 C = Inter-level travel time spent in this place.
 D = Time resting spent in this place.
 E = Time spent auto-exploring this place.
 F = Levels seen in this place.
 G = Mean time per level.
                   A        B        C        D        E       F      G
               +--------+--------+--------+--------+--------+-----+--------+
         Total |   4132 |   4103 |     29 |    279 |   3340 |   4 | 1033.0 |
       Dungeon |   4132 |   4103 |     29 |    279 |   3340 |   4 | 1033.0 |
               +--------+--------+--------+--------+--------+-----+--------+

Top non-repeatable levels by time:
     D:1: 1364 daAuts
     D:3: 1326 daAuts
     D:2: 1121 daAuts
     D:4: 319 daAuts
